 Dungeon Crawl Stone Soup version 0.30-a0-279-g4b46babb21 (webtiles) character file.

Game seed: 10672726967441888687

716 koil the Sneak (level 7, -3/28 (35) HPs)
             Began as a Spriggan Enchanter on Oct 17, 2022.
             Slain by a kobold brigand
             ... wielding a +2 dagger of draining
              (7 damage)
             ... in a sewer.
             The game lasted 00:12:00 (2969 turns).

koil the Sneak (Spriggan Enchanter)                 Turns: 2969, Time: 00:12:00

HP:   -3/28 (35)    AC:  3    Str:  4    XL:     7   Next: 41%
MP:   15/15         EV: 19    Int: 17    God:
Gold: 107           SH:  0    Dex: 17    Spells: 9/15 levels left

rFire   + . .      SeeInvis +    a - +6 shillelagh "Devastator" {shatter}
rCold   x . .      Faith    .    (no shield)
rNeg    . . .      Spirit   .    w - +0 robe
rPois   +          Reflect  .    (helmet restricted)
rElec   .          Harm     .    x - +0 cloak
rCorr   .          Rampage  .    (gloves unavailable)
Will    +....                    (boots unavailable)
Stlth   ++++......               s - amulet of magic regeneration
HPRegen 0.24/turn                r - ring of fire
MPRegen 0.54/turn                F - ring of poison resistance

@: heavily drained, very quick
A: very small, no large weapons, unfitting armour, see invisible, speed 3
a: no special abilities


You were in a sewer.
You visited 1 branch of the dungeon, and saw 4 of its levels.
You also visited: Sewer.

You collected 107 gold pieces.

Inventory:

Hand Weapons
 a - the +6 shillelagh "Devastator" (weapon) {shatter}
   (You found it on level 2 of the Dungeon)

   It releases a powerful concussive burst when it strikes, dealing extra damage
   to the target and all other foes adjacent to them.
 b - a +1 dagger
 o - a +0 short sword of freezing
 C - the +5 spear of Reasonable Prudence {flame, rF+ Dex+2}
   (You found it on level 3 of the Dungeon)

   It burns those it strikes, dealing additional fire damage.
   Dex:       It affects your dexterity (+2).
   rF:        It protects you from fire.
Missiles
 u - 6 poisoned darts (quivered)
Armour
 l - a +1 cloak
 m - a +0 robe
 w - a +0 robe (worn)
 x - a +0 cloak (worn)
Magical Staves
 v - a staff of air
Jewellery
 r - a ring of fire (left hand)
 s - an amulet of magic regeneration (around neck)
 D - an amulet of reflection
 F - a ring of poison resistance (right hand)
Scrolls
 d - 2 scrolls of enchant weapon {unknown}
 e - 2 scrolls of immolation {unknown}
 f - 2 scrolls of identify {unknown}
 g - 3 scrolls of teleportation {unknown}
 j - a scroll of poison {unknown}
 k - 2 scrolls of fog {unknown}
 n - a scroll of magic mapping {unknown}
 p - a scroll of noise {unknown}
 t - a scroll of enchant armour {unknown}
 y - 2 scrolls of amnesia {unknown}
 z - a scroll of fear {unknown}
Potions
 c - 3 potions of invisibility
 h - a potion of mutation {unknown}
 i - a potion of lignification {unknown}
 q - a potion of cancellation {unknown}
 A - 2 potions of heal wounds {unknown}
 B - a potion of magic {unknown}
 E - a potion of might {unknown}
 G - 2 potions of brilliance {unknown}


   Skills:
 + Level 2.5 Fighting
 - Level 1.7 Short Blades
 + Level 2.0 Maces & Flails
 + Level 5.0 Dodging
 + Level 7.0 Stealth
 + Level 4.7 Spellcasting
 + Level 5.2 Hexes


You had 9 spell levels left.
You knew the following spells:

 Your Spells              Type           Power      Damage    Failure   Level
a - Ensorcelled Hibernat  Hex/Ice        24%        N/A       8%          2
b - Necrotise             Necr           16%        1d4       14%         1
c - Confusing Touch       Hex            21%        N/A       4%          3

Your spell library contained the following spells:

 Spells                   Type           Power      Damage    Failure   Level
 Tukima's Dance           Hex            21%        N/A       4%          3
 Beastly Appendage        Tmut           8%         N/A       14%         1
 Dazzling Flash           Conj/Hex       24%        N/A       16%         3
 Cigotuvi's Dreadful Rot  Necr/Pois/Air  8%         N/A       22%         2
 Poisonous Vapours        Pois/Air       8%         N/A       22%         2
 Wereblood                Tmut           4%         N/A       22%         2
 Mephitic Cloud           Conj/Pois/Air  4%         N/A       41%         3
 Spider Form              Tmut/Pois      4%         N/A       41%         3
 Vampiric Draining        Necr           4%         2d6       41%         3
 Agony                    Necr           4%         N/A       99%         5


Dungeon Overview and Level Annotations

Branches:
Dungeon (4/15)              Sewer (1/1)
 Temple: D:4-7

Altars:
Hepliaklqana
Trog

Shops:
D:3 (


Innate Abilities, Weirdness & Mutations

You are very small and have problems with some larger weapons.
You are too small for most types of armour.
You have supernaturally acute eyesight. (SInv)
You cover ground extremely quickly. (Speed+++)


Message History

You hit the kobold.
The kobold and the kobold brigand shudder.
You kill the kobold!
The kobold brigand is moderately wounded.
You kill the kobold!
The kobold brigand hits you with a +2 dagger of draining.
You feel drained. The kobold barely misses you.
Things that are here:
a +0 short sword; a kobold corpse You barely miss the kobold brigand.
The kobold brigand is moderately wounded.
The kobold brigand hits you with a +2 dagger of draining.
You feel drained. The kobold completely misses you.
You barely miss the kobold brigand.
The kobold brigand is moderately wounded.
The kobold brigand hits you with a +2 dagger of draining!
You feel drained. The kobold barely misses you.
You closely miss the kobold brigand.
The kobold brigand is moderately wounded.
The kobold brigand hits you with a +2 dagger of draining.
You feel drained. The kobold hits you but does no damage.
You are too injured to fight recklessly!
You are too injured to fight recklessly!
You are too injured to fight recklessly!
You are too injured to fight recklessly!
You barely miss the kobold brigand.
The kobold brigand is moderately wounded.
The kobold brigand hits you with a +2 dagger of draining.
You feel drained. The kobold completely misses you.
You hit the kobold brigand.
The kobold brigand and the kobold shudder.
The kobold brigand is almost dead.
You kill the kobold!
The kobold brigand is almost dead.
The kobold brigand hits you with a +2 dagger of draining.
* * * LOW HITPOINT WARNING * * *
You feel drained.
* * * LOW HITPOINT WARNING * * *
The kobold brigand hits you with a +2 dagger of draining!
You die...

≈≈~##..##
≈≈~#....#
≈≈≈~.....##
≈≈≈~~~....#
≈≈≈≈≈~~...#
≈≈≈≈~~~...#
≈≈≈≈≈≈....#
≈≈≈≈≈###'###
≈≈≈≈≈#..@..#
≈≈≈ #.)K).#
≈≈ ##...##
[...!
#!!#.?# ###
### ≈≈≈ ≈≈≈
≈≈≈≈ ≈≈≈≈


You could see a kobold brigand.

Vanquished Creatures
  Edmund (D:4)
  2 scorpions (D:4)
  2 hounds (D:4)
  3 orc priests
  A gnoll bouda (D:4)
  An iguana (D:4)
  An orc wizard (D:4)
  8 adders
  5 river rats
  2 dart slugs (D:4)
  11 orcs
  11 ball pythons
  5 bats
  11 endoplasms
  5 giant cockroaches
  6 goblins
  8 hobgoblins
  3 jackals
  19 kobolds
  7 quokkas
  7 frilled lizards
  21 rats
140 creatures vanquished.

Vanquished Creatures (others)
  3 fungi (D:3)
3 creatures vanquished.

Grand Total: 143 creatures vanquished

Notes
Turn   | Place    | Note
-------+----------+-------------------------------------------
     0 | D:1      | koil the Spriggan Enchanter began the quest for the Orb.
     0 | D:1      | Reached XP level 1. HP: 9/9 MP: 5/5
   170 | D:1      | Reached XP level 2. HP: 13/13 MP: 6/6
   178 | D:1      | Learned a level 2 spell: Ensorcelled Hibernation
   776 | D:2      | Found the +6 shillelagh "Devastator" {shatter}
   847 | D:2      | Reached XP level 3. HP: 17/17 MP: 8/8
   864 | D:2      | Reached skill level 1 in Fighting
   864 | D:2      | Reached skill level 5 in Stealth
   864 | D:2      | Reached XP level 4. HP: 22/22 MP: 9/9
   868 | D:2      | HP: 1/22 [orc priest/nerve-wracking pain (13)]
  1441 | D:3      | Found a bloodstained altar of Trog.
  1449 | D:3      | Reached XP level 5. HP: 25/25 MP: 11/11
  1456 | D:3      | Reached skill level 1 in Maces & Flails
  1501 | D:3      | Found a hazy altar of Hepliaklqana.
  1746 | D:3      | Found Qud Wiub's Weapon Shop.
  1928 | D:3      | Identified the +5 spear of Reasonable Prudence {flame, rF+
                  | Dex+2}
  2089 | D:4      | Reached XP level 6. HP: 25/30 MP: 12/12
  2112 | D:4      | Reached skill level 6 in Stealth
  2145 | D:4      | Learned a level 1 spell: Necrotise
  2149 | D:4      | Learned a level 3 spell: Confusing Touch
  2222 | D:4      | Noticed Edmund
  2296 | D:4      | Killed Edmund
  2297 | D:4      | Reached skill level 5 in Hexes
  2297 | D:4      | Reached XP level 7. HP: 24/35 MP: 14/14
  2716 | D:4      | Found a glowing drain.
  2726 | Sewer    | Entered a sewer
  2892 | Sewer    | Reached skill level 5 in Dodging
  2910 | Sewer    | Reached skill level 7 in Stealth
  2969 | Sewer    | Slain by a kobold brigand

Illustrated notes

Levels and vault maps discovered:
D:1:      giann_bridges, layout_basic, st_stairs_8, minmay_domino_2
D:2:      layout_rooms, minmay_crystal_water
D:3:      layout_loops_ring, mainiacjoe_overflow_cross_hatched,
          trog_butcher_becter, serial_shops, shop_fountains
D:4:      minmay_bubble_buster, layout_basic, pdpol_wu_jian_five_deadly_venoms,
          gammafunk_ghost_nasty_kobolds, portal_sewer_entry_e,
          chequers_serial_rivers_small_b, uniq_edmund
Sewer:    sewer_minmay_treatment

Skill      XL: |  1  2  3  4  5  6  7 |
---------------+----------------------+-----
Dodging        | 3 4 5 |  5.0
Spellcasting   | 3 4 |  4.7
Fighting       | 1 2 |  2.5
Stealth        | 5 6 7 |  7.0
Hexes          | 4 5 |  5.2
Maces & Flails | 1 2 |  2.0
Short Blades   | |  1.7

Action                   |  1- 3 |  4- 6 |  7- 9 || total
-------------------------+-------+-------+-------++-------
Melee: Dagger            |    55 |     1 |     1 ||    57
       Punch             |     2 |     1 |       ||     3
       Shillelagh        |     7 |    70 |    66 ||   143
 Cast: Ensorcelled Hiber |       |     6 |       ||     6
       Necrotise         |       |     5 |       ||     5
 Stab: Sleeping          |     8 |    16 |     5 ||    29
       Distracted        |       |     1 |     1 ||     2
Armor: Robe              |    10 |     8 |     6 ||    24
Dodge: Dodged            |    36 |    50 |    61 ||   147

Table legend: (Time is in decaauts)
 A = Elapsed time spent in this place.
 B = Non-inter-level travel time spent in this place.
 C = Inter-level travel time spent in this place.
 D = Time resting spent in this place.
 E = Time spent auto-exploring this place.
 F = Levels seen in this place.
 G = Mean time per level.
                   A        B        C        D        E       F      G
               +--------+--------+--------+--------+--------+-----+--------+
         Total |   2054 |   2019 |     35 |     72 |   1237 |   5 |  410.8 |
       Dungeon |   1855 |   1820 |     35 |     72 |   1132 |   4 |  463.8 |
         Sewer |    198 |    198 |      0 |      0 |    104 |   1 |  198.0 |
               +--------+--------+--------+--------+--------+-----+--------+

Top non-repeatable levels by time:
     D:1: 567 daAuts
     D:4: 545 daAuts
     D:3: 398 daAuts
     D:2: 344 daAuts
   Sewer: 198 daAuts
